 Dungeon Crawl Stone Soup version 0.22-a0-283-g1871b15 (webtiles) character file.

39 sankara the Firebug (level 3, 0/19 HPs)
             Began as a Deep Elf Fire Elementalist on Mar 19, 2018.
             Killed from afar by Sigmund (11 damage)
             ... with a puff of flame
             ... on level 2 of the Dungeon.
             The game lasted 00:06:23 (1112 turns).

sankara the Firebug (Deep Elf Fire Elementalist)    Turns: 1112, Time: 00:06:24

Health: 0/19       AC:  3    Str:  5    XL:     3   Next: 26%
Magic:  1/10       EV: 13    Int: 20    God:
Gold:   44         SH:  0    Dex: 15    Spells: 2/9 levels left

rFire    . . .     SeeInvis .   d - +0 dagger
rCold    . . .     Gourm    .   (no shield)
rNeg     . . .     Faith    .   a - +0 robe
rPois    .         Spirit   .   (no helmet)
rElec    .         Reflect  .   (no cloak)
rCorr    .         Harm     .   f - +0 pair of gloves
MR       .....                  (no boots)
Stlth    ++........             i - amulet of magic regeneration
HPRegen  0.06/turn              (no ring)
MPRegen  0.37/turn              (no ring)

@: very slightly contaminated, hasted, very quick
A: no striking features
a: no special abilities


You were on level 2 of the Dungeon.
You were hungry.

You visited 1 branch of the dungeon, and saw 2 of its levels.

You collected 44 gold pieces.

Inventory:

Hand Weapons
 d - a +0 dagger (weapon)
   (You found it on level 1 of the Dungeon)
Armour
 a - a +0 robe (worn)
 f - a +0 pair of gloves (worn)
   (You found it on level 1 of the Dungeon)
Jewellery
 i - an amulet of magic regeneration (around neck)
   (You found it on level 1 of the Dungeon)
Scrolls
 b - 3 scrolls of remove curse {unknown}
 g - a scroll of magic mapping {unknown}
 j - a scroll of amnesia {unknown}
Comestibles
 c - 4 rations
 h - 5 chunks of flesh {@w0}


   Skills:
 - Level 2.6 Dodging
 - Level 2.6 Stealth
 + Level 3.7 Spellcasting
 + Level 2.0 Conjurations
 + Level 3.8 Fire Magic


You had 2 spell levels left.
You knew the following spells:

 Your Spells              Type           Power        Failure   Level  Hunger
a - Flame Tongue          Conj/Fire      ###..        4%          1    None
b - Conjure Flame         Conj/Fire      ###.....     12%         3    ###....
c - Inner Flame           Hex/Fire       ##......     19%         3    ###....


Dungeon Overview and Level Annotations

Branches:
Dungeon (2/15)

Altars:

Annotations:
D:2 Sigmund


Message History

Aim: a kobold You miscast Flame Tongue.
You are very lightly contaminated with residual magic.
Sparks fly from your hands!
Casting: Flame Tongue (safe; 4% risk of failure)
Confirm with . or Enter, or press ? or * to list all spells.
Aiming: Flame Tongue (safe; 4% risk of failure)
Press: ? - help, Shift-Dir - straight line, f/p - kobold
Aim: a kobold The flame tongue hits the kobold.
The kobold appears unharmed.
Casting: Flame Tongue (safe; 4% risk of failure)
Confirm with . or Enter, or press ? or * to list all spells.
Aiming: Flame Tongue (safe; 4% risk of failure)
Press: ? - help, Shift-Dir - straight line, f/p - kobold
Aim: a kobold The flame tongue hits the kobold.
You kill the kobold!
There is an open door here.
Your magical contamination has completely faded away.
Some of the chunks of flesh in your inventory have rotted away.
There is a stone staircase leading up here.
You now have 44 gold pieces (gained 9).
You open the door.
There is an open door here.
Key pressed, stopping explore.
You open the door.
There is an open door here.
c - 4 rations (gained 1)
Found a stone staircase leading down.
HP restored.
There is a stone staircase leading down here.
Marking area around Sigmund as unsafe for travelling.
Sigmund the Dreaded comes into view.
He is wielding a scythe.
There is a stone staircase leading down here.
Really walk into a travel-excluded area?
Sigmund shouts!
Sigmund points at you and mumbles some strange words.
The puff of flame misses you.
Casting: Flame Tongue (safe; 4% risk of failure)
Confirm with . or Enter, or press ? or * to list all spells.
Okay, then.
Casting: Flame Tongue (safe; 4% risk of failure)
Confirm with . or Enter, or press ? or * to list all spells.
Aiming: Conjure Flame (safe; 12% risk of failure)
Press: ? - help, Dir - move target cursor
Okay, then.
You start waiting.
Casting: Conjure Flame (safe; 12% risk of failure)
Confirm with . or Enter, or press ? or * to list all spells.
Aiming: Conjure Flame (safe; 12% risk of failure)
Press: ? - help, Dir - move target cursor You miscast Conjure Flame.
You are very lightly contaminated with residual magic.
Wisps of smoke drift from your hands.
Casting: Conjure Flame (safe; 12% risk of failure)
Confirm with . or Enter, or press ? or * to list all spells.
Aiming: Conjure Flame (safe; 12% risk of failure)
Press: ? - help, Dir - move target cursor The fire ignites!
You are feeling hungry.
Sigmund hits you from afar with a scythe!
A hobgoblin comes into view. It is wielding a club.
Casting: Conjure Flame (safe; 12% risk of failure)
Confirm with . or Enter, or press ? or * to list all spells.
Aiming: Conjure Flame (safe; 12% risk of failure)
Press: ? - help, Dir - move target cursor The fire ignites!
The hobgoblin shouts!
Casting: Conjure Flame (safe; 12% risk of failure)
Confirm with . or Enter, or press ? or * to list all spells.
Aiming: Flame Tongue (safe; 4% risk of failure)
Press: ? - help, Shift-Dir - straight line, f - Sigmund
Aim: Sigmund, wielding a scythe and wearing a robe The flame tongue hits Sigmund.
Sigmund is lightly wounded.
Casting: Flame Tongue (safe; 4% risk of failure)
Confirm with . or Enter, or press ? or * to list all spells.
Aiming: Flame Tongue (safe; 4% risk of failure)
Press: ? - help, Shift-Dir - straight line, f/p - Sigmund
Aim: Sigmund, wielding a scythe and wearing a robe (lightly wounded)
The flame tongue hits Sigmund.
Sigmund is moderately wounded.
Casting: Flame Tongue (safe; 4% risk of failure)
Confirm with . or Enter, or press ? or * to list all spells.
Aiming: Flame Tongue (safe; 4% risk of failure)
Press: ? - help, Shift-Dir - straight line, f/p - Sigmund
Aim: Sigmund, wielding a scythe and wearing a robe (moderately wounded)
The flame tongue hits Sigmund.
Sigmund is heavily wounded.
Casting: Flame Tongue (safe; 4% risk of failure)
Confirm with . or Enter, or press ? or * to list all spells.
You don't have enough magic to cast that spell.
Casting: Flame Tongue (safe; 4% risk of failure)
Confirm with . or Enter, or press ? or * to list all spells.
You don't have enough magic to cast that spell.
It was a potion of haste.
You feel yourself speed up. Sigmund casts a spell at you.
The puff of flame hits you!
Ouch! That really hurt!
You die...

........#.# #..'.........'...
...?....#.###.##.........####
........#.#....+.............
........#.#.#.##..........###
........>....(...............
...$......#@#.####+##†.(...#<
..........#§#.####..#......#.
..........#§#.g......(.......
..###.....#.@.#####..##....#.
. #.....##### ##.#######.
#...[.. #..#...... #....@..
##.#.#.... #........
+......... ###..#.###
###..#'##. +....÷..'.
#.......#.


You could see Sigmund and a hobgoblin.

Vanquished Creatures
  An adder (D:2)
  3 leopard geckos
  3 bats (D:1)
  A giant cockroach (D:2)
  6 hobgoblins
  A ball python (D:2)
  2 frilled lizards (D:2)
  4 goblins (D:1)
  3 kobolds
  3 rats (D:1)
27 creatures vanquished.

Notes
Turn   | Place    | Note
-------+----------+-------------------------------------------
     0 | D:1      | sankara the Deep Elf Fire Elementalist began the quest for the Orb.
     0 | D:1      | Reached XP level 1. HP: 10/10 MP: 6/6
   316 | D:1      | Reached XP level 2. HP: 15/15 MP: 6/8
   978 | D:2      | Reached skill level 2 in Conjurations
   978 | D:2      | Reached XP level 3. HP: 17/19 MP: 5/10
   997 | D:2      | Learned a level 3 spell: Conjure Flame
  1001 | D:2      | Learned a level 3 spell: Inner Flame
  1093 | D:2      | Noticed Sigmund
  1112 | D:2      | Killed from afar by Sigmund

Vault maps used:
D:1:      dpeg_arrival_central
D:2:      first_ration, uniq_sigmund

Skill      XL: |  1  2 |
---------------+-------+-----
Conjurations   | 2 |  2.0
Dodging        | |  2.6
Stealth        | |  2.6
Spellcasting   | |  3.7
Fire Magic     | |  3.8

Action                   || total
-------------------------++-------
 Cast: Flame Tongue      ||    49
       Conjure Flame     ||     2
  Use: Potion            ||     1
Armor: Robe              ||     4
Dodge: Dodged            ||     9

Table legend:
 A = Spawn XP
 B = Non-spawn XP
 C = Spawn XP percentage of total XP
 D = Spawn monster count
 E = Non-spawn monster count
 F = Spawn count percentage of total count
 G = Total turns spent on level
                    A         B        C        D         E        F      G
               +---------+---------+-------+---------+---------+-------+---------
         Total |       0 |      56 |   0.0 |       0 |      27 |   0.0 |  1112
               +---------+---------+-------+---------+---------+-------+---------
           D:1 |       0 |      24 |   0.0 |       0 |      16 |   0.0 |   741
           D:2 |       0 |      32 |   0.0 |       0 |      11 |   0.0 |   371
               +---------+---------+-------+---------+---------+-------+---------

Vault maps used:
D:1:      dpeg_arrival_central
D:2:      first_ration, uniq_sigmund

Table legend:
 A = Turns spent in this place as a percentage of turns spent in the entire game.
 B = Non-inter-level travel turns spent in this place as a percentage of non-inter-level travel turns spent in the entire game.
 C = Inter-level travel turns spent in this place as a percentage of turns spent in this place.
 D = Turns resting spent in this place as a percentage of non-inter-level travel turns spent in this place.
 E = Turns spent auto-exploring this place as a percentage of non-inter-level travel turns spent in this place.
 F = Non-inter-level travel turns spent in this place divided by the number of levels of this place that you've seen.
                   A       B       C       D       E      F
               +-------+-------+-------+-------+-------+----------------------
         Total | 100.0 | 100.0 |   4.0 |   4.2 |  69.4 | 534.0
       Dungeon | 100.0 | 100.0 |   4.0 |   4.2 |  69.4 | 534.0
               +-------+-------+-------+-------+-------+----------------------

Table legend:
 A = Kills in this place as a percentage of kills in entire the game.
 B = Kills by you in this place as a percentage of kills by you in the entire game.
 C = Kills by friends in this place as a percentage of kills by friends in the entire game.
 D = Other kills in this place as a percentage of other kills in the entire game.
 E = Experience gained in this place as a percentage of experience gained in the entire game.
 F = Experience gained in this place divided by the number of levels of this place that you have seen.
                   A       B       C       D       E      F
               +-------+-------+-------+-------+-------+----------------------
         Total | 100.0 | 100.0 |   N/A |   N/A | 100.0 |  28.0
       Dungeon | 100.0 | 100.0 |   N/A |   N/A | 100.0 |  28.0
               +-------+-------+-------+-------+-------+----------------------
